 Dungeon Crawl Stone Soup version 0.31-a0-216-g22e908daa7 (webtiles) character file.

Game seed: 17672633771396301222

86 qw the Shooter (level 4, 0/36 HPs)
             Began as a Minotaur Hexslinger on July 1, 2023.
             Slain by a goblin
             ... wielding a +0 dagger
             ... led by Robin
              (3 damage)
             ... on level 2 of the Dungeon.
             The game lasted 00:00:55 (1255 turns).

qw the Shooter (Minotaur Hexslinger)                Turns: 1255, Time: 00:00:55

Health: 0/36       AC:  3    Str: 12    XL:     4   Next: 26%
Magic:  4/4        EV: 12    Int: 10    God:
Gold:   24         SH:  0    Dex: 15    Spells: 4/5 levels left

rFire   . . .        Y - +1 sling
rCold   . . .        (no shield)
rNeg    . . .        e - +1 robe {Will+}
rPois   .            (helmet restricted)
rElec   .            (no cloak)
rCorr   .            (no gloves)
SInv    .            (no boots)
Will    +....        (no amulet)
Stlth   +            (no ring)
HPRegen 0.26/turn    (no ring)
MPRegen 0.09/turn

%: no passive effects
@: no status effects
A: horns 2, retaliatory headbutt
a: no special abilities


You were on level 2 of the Dungeon.
You visited 1 branch of the dungeon, and saw 2 of its levels.

You collected 24 gold pieces.


Innate Abilities, Weirdness & Mutations

You have a pair of horns on your head.
You reflexively headbutt those who attack you in melee.


   Skills:
 - Level 2.0 Fighting
 + Level 4.8 Ranged Weapons
 - Level 2.1 Dodging
 - Level 1.0 Spellcasting
 - Level 2.0 Hexes


You had 4 spell levels left.
You knew the following spells:

 Your Spells              Type           Power      Damage    Failure   Level
a - Slow                  Hex            16%        N/A       16%         1

Your spell library contained the following spells:

 Spells                   Type           Power      Damage    Failure   Level
 Inner Flame              Hex/Fire       2%         N/A       56%         3
 Portal Projectile        Hex/Tloc       4%         N/A       56%         3
 Cause Fear               Hex            2%         N/A       83%         4

Inventory:

Hand Weapons
 Y - a +1 sling (weapon)
Armour
 e - a +1 robe of willpower (worn)
 i - a +0 leather armour
Potions
 d - a potion of haste {unknown}
 h - a potion of attraction {unknown}

Dungeon Overview and Level Annotations

Branches:
Dungeon (2/15)

Altars:

Annotations:
D:2 Robin


Message History

You feel very sick. The hobgoblin barely misses you.
You shoot a sling bullet.
The sling bullet barely misses the hobgoblin.
You feel very sick.
A hobgoblin comes into view.
You shoot a sling bullet. The sling bullet hits the hobgoblin!
You kill the hobgoblin!
You feel sick.
You shoot a sling bullet. The sling bullet closely misses Robin.
You feel sick. Robin hits you with a +0 dagger.
You shoot a sling bullet. The sling bullet barely misses Robin.
You feel sick. Robin hits you with a +0 dagger. The hobgoblin hits you.
You shoot a sling bullet. The sling bullet closely misses Robin.
You feel sick.
Robin roars a battlecry!
The goblins go into a battle-frenzy!
A goblin comes into view. It is wielding a +0 club.
The hobgoblin barely misses you. You furiously retaliate!
You headbutt the hobgoblin!
You kill the hobgoblin!
Robin zaps a wand.
The puff of flame misses you. The goblin hits you with a +0 dagger.
You hear a shout!
You shoot a sling bullet. The sling bullet barely misses Robin.
You feel sick. The goblin hits you but does no damage.
Robin roars a battlecry!
The goblin goes into a battle-frenzy!
You shoot a sling bullet. The sling bullet hits Robin.
Robin is lightly wounded.
You feel sick.
Robin zaps a wand.
The puff of flame hits you. The goblin hits you with a +0 dagger.
You shoot a sling bullet.
The sling bullet hits Robin but does no damage.
Robin is lightly wounded.
You feel sick.
You are no longer poisoned.
A goblin comes into view. It is wielding a +0 club.
The goblin hits you with a +0 dagger.
You die...

#.#.# # +#
#.#.# .# .#.
##.# gg
...#####
gg####......
.g......#
#)#...#####
#/###gg<.......
#)..g%@...#####
#########.# .#
. ##


You could see Robin and 3 goblins.

Vanquished Creatures
  Terence (D:2)
  2 adders (D:2)
  A worm (D:2)
  4 ball pythons
  2 endoplasms (D:2)
  4 giant cockroaches (D:1)
  5 goblins
  5 hobgoblins
  2 quokkas
  4 bats (D:1)
  2 frilled lizards (D:2)
  2 kobolds
  5 rats
39 creatures vanquished.

Notes
Turn   | Place    | Note
-------+----------+-------------------------------------------
     0 | D:1      | qw the Minotaur Hexslinger began the quest for the Orb.
     0 | D:1      | Reached XP level 1. HP: 16/16 MP: 1/1
     0 | D:1      | 0 ||| qw: Version: 0.3-a-35-g05ef00e
     0 | D:1      | 0 ||| qw: Game counter: 7745
     0 | D:1      | 0 ||| qw: Melee chars always use a shield: true
     0 | D:1      | 0 ||| qw: God list: Okawaru
     0 | D:1      | 0 ||| qw: Allow faded altars: false
     0 | D:1      | 0 ||| qw: Do Orc after clearing Dungeon:15 true
     0 | D:1      | 0 ||| qw: Do second Lair branch before Depths: true
     0 | D:1      | 0 ||| qw: Lair rune preference: random
     0 | D:1      | 0 ||| qw: Goals: Normal
     0 | D:1      | 0 ||| PLANNING D:1-11
    75 | D:1      | Reached skill level 3 in Ranged Weapons
    76 | D:1      | Reached XP level 2. HP: 23/23 MP: 2/2
   506 | D:1      | 506 ||| UPGRADING to +1 robe of willpower.
   516 | D:1      | 516 ||| DROPPING +0 robe.
   517 | D:1      | 517 ||| READING scroll labelled RAUHOK QEHYUCVUOG.
   518 | D:1      | 518 ||| READING scroll labelled JYQOCU SOCW.
   523 | D:1      | 523 ||| DROPPING scroll of poison.
   568 | D:2      | Identified the +5 long sword "Plog" {protect, rN+}
   604 | D:2      | Reached XP level 3. HP: 24/29 MP: 3/3
   699 | D:2      | Reached skill level 4 in Ranged Weapons
   822 | D:2      | Found a faded altar of an unknown god.
   927 | D:2      | Noticed Terence
   976 | D:2      | Killed Terence
   977 | D:2      | Reached XP level 4. HP: 13/36 MP: 4/4
  1242 | D:2      | Noticed Robin
  1243 | D:2      | 1243 ||| Stepping ~*~*~tactically~*~*~ (outnumbered).
  1254 | D:2      | HP: 4/36 [Robin/puff of flame (6)]
  1255 | D:2      | Slain by a goblin

Levels and vault maps discovered:
D:1:      eino_arrival_cavern_d, layout_basic, corexii_corridor_pit
D:2:      layout_loops_corners, shapermc_ecumenical_altar_starsandcircs,
          uniq_robin, uniq_terence

Skill      XL: |  1  2  3 |
---------------+----------+-----
Ranged Weapons | 3 4 |  4.8
Fighting       | 2 |  2.0
Dodging        | |  2.1
Spellcasting   | |  1.0
Hexes          | |  2.0

Action                     |  1- 3 |  4- 6 || total
---------------------------+-------+-------++-------
   Fire: Sling             |   113 |    17 ||   130
    Use: Scroll            |     2 |       ||     2
 Armour: Robe              |     7 |     2 ||     9
  Dodge: Dodged            |    37 |     5 ||    42

Table legend:
 A = Non-vault XP
 B = Vault XP
 C = Vault XP percentage of total XP
 D = Non-vault monster count
 E = Vault monster count
 F = Vault count percentage of total count
                 A         B        C        D         E       F
            +---------+---------+-------+---------+---------+-------
      Total |      83 |      40 |  32.5 |      34 |       5 |  12.8
            +---------+---------+-------+---------+---------+-------
        D:1 |      35 |       0 |   0.0 |      21 |       0 |   0.0
        D:2 |      48 |      40 |  45.5 |      13 |       5 |  27.8
            +---------+---------+-------+---------+---------+-------
